 Dungeon Crawl Stone Soup version 0.32-a0-20-ge526923d97 (webtiles) character file.

Game seed: 1406252364256867497

37 zenocrate the Sneak (level 3, -3/16 HPs)
             Began as a Vine Stalker Enchanter on Jan 17, 2024.
             Slain by a gnoll
             ... wielding a +0 flail
              (9 damage)
             ... on level 2 of the Dungeon.
             The game lasted 00:00:45 (818 turns).

zenocrate the Sneak (Vine Stalker Enchanter)         Turns: 818, Time: 00:00:46

Health: -3/16      AC:  2    Str: 10    XL:     3   Next: 39%
Magic:  0/7        EV: 12    Int: 15    God:
Gold:   34         SH:  0    Dex: 16    Spells: 1/6 levels left

rFire   . . .        b - +0 rapier
rCold   . . .        (no shield)
rNeg    . . .        j - +0 robe
rPois   .            (no helmet)
rElec   .            (no cloak)
rCorr   .            (no gloves)
SInv    .            (no boots)
Will    .....        (no amulet)
Stlth   +++          (no ring)
HPRegen 1.02/turn    (no ring)
MPRegen 0.10/turn

%: guardian spirit
@: no status effects
A: fangs 2, regeneration 1, magic shield, antimagic bite, no potion heal 2
a: no special abilities


You were on level 2 of the Dungeon.
You visited 1 branch of the dungeon, and saw 2 of its levels.

You collected 34 gold pieces.

Inventory:

Hand Weapons
 a - a +1 dagger
 b - a +0 rapier (weapon)
Armour
 j - a +0 robe (worn)
Scrolls
 d - a scroll of vulnerability {unknown}
 e - 2 scrolls of teleportation {unknown}
 f - 3 scrolls of identify {unknown}
 h - a scroll of enchant armour {unknown}
 i - a scroll of immolation {unknown}
Potions
 c - 2 potions of invisibility
 g - a potion of curing {unknown}
 k - a potion of haste {unknown}


   Skills:
 + Level 0.2 Fighting
 + Level 1.5 Short Blades
 + Level 2.0 Dodging
 + Level 4.1 Stealth
 - Level 2.1 Spellcasting
 + Level 3.3 Hexes
 + Level 0.1 Ice Magic


You had one spell level left.
You knew the following spells:

 Your Spells              Type           Power      Damage    Failure   Level
a - Ensorcelled Hibernat  Hex/Ice        12%        N/A       16%         2
b - Confusing Touch       Hex            11%        N/A       17%         3

Your spell library contained the following spells:

 Spells                   Type           Power      Damage    Failure   Level
 Tukima's Dance           Hex            11%        N/A       17%         3
 Dazzling Flash           Conj/Hex       12%        N/A       32%         3


Dungeon Overview and Level Annotations

Branches:
Dungeon (2/15)

Altars:


Innate Abilities, Weirdness & Mutations

You have extremely sharp teeth.
Your natural rate of healing is unusually fast.
When hurt, damage is shared between your health and your magic reserves.
Your bite disrupts and absorbs the magic of your enemies.
Potions cannot restore your health.


Message History

An endoplasm comes into view.
Found 5 stones.
Found a stone staircase leading down.
The orc shouts!
You hit the orc but do no damage. The orc closely misses you.
The orc hits you with a +0 short sword. The orc attacks as it pursues you!
The orc hits you with a +0 club. The orc hits you with a +0 short sword.
The orc attacks as it pursues you! The orc completely misses you.
There is a stone staircase leading up here.
The orc hits you with a +0 short sword.
You climb upwards.
There is a stone staircase leading down here.
Cast which spell? (? or * to list)
Aiming: Ensorcelled Hibernation (safe; 16% risk of failure)
Press: ? - help, Shift-Dir - straight line, f - orc
Aim: an orc, wielding a +0 short sword and wearing a +0 ring mail (chance to affect: 57%)
The orc resists with significant effort.
The orc hits you with a +0 short sword.
Unknown command.
You hit the orc but do no damage. You bite the orc, but do no damage.
The orc hits you with a +0 short sword.
You hit the orc.
The orc is heavily wounded.
The orc hits you with a +0 short sword. The orc barely misses you.
An orc is nearby!
You hit the orc but do no damage.
The orc is heavily wounded.
The orc barely misses you.
You hit the orc.
You kill the orc!
You are too injured to fight recklessly!
HP restored.
Magic restored.
Done exploring.
You climb downwards.
The gnoll hits you with a +0 flail!
Ouch! That really hurt!
The orc barely misses you. The orc hits you with a +0 club.
The gnoll hits you with a +0 flail!
Ouch! That really hurt!
You die...

...............#...#..
........### .#....#..
..........###.(.#....#.
.......................
.......####..##...#....
......# ###.##.......
......####........#
..................#
.......##......o@.# ...
.#........og#
...........†.#
....#........# #
.............##.#..
...##.........#.^.# ..
#######...#.#.# .
####..# #.#


You could see a gnoll and 2 orcs.

Vanquished Creatures
  A gnoll (D:1)
  A dart slug (D:1)
  An orc (D:1)
  A ball python (D:1)
  4 endoplasms (D:1)
  2 giant cockroaches (D:1)
  A goblin (D:1)
  2 hobgoblins (D:1)
  2 quokkas (D:2)
  2 frilled lizards (D:1)
  2 kobolds (D:1)
  3 rats (D:1)
22 creatures vanquished.

Notes
Turn   | Place    | Note
-------+----------+-------------------------------------------
     0 | D:1      | zenocrate the Vine Stalker Enchanter began the quest for
                  | the Orb.
     0 | D:1      | Reached XP level 1. HP: 9/9 MP: 4/4
    62 | D:1      | Reached skill level 1 in Short Blades
   168 | D:1      | Reached XP level 2. HP: 13/13 MP: 4/6
   329 | D:1      | Reached skill level 4 in Stealth
   329 | D:1      | Reached XP level 3. HP: 14/16 MP: 5/7
   332 | D:1      | Learned a level 2 spell: Ensorcelled Hibernation
   336 | D:1      | Learned a level 3 spell: Confusing Touch
   372 | D:1      | Found a faded altar of an unknown god.
   373 | D:1      | Noticed a great orb of eyes
   390 | D:1      | Noticed a great orb of eyes
   394 | D:1      | Noticed a shining eye
   394 | D:1      | Noticed a golden eye
   818 | D:2      | Slain by a gnoll

Illustrated notes

Levels and vault maps discovered:
D:1:      roderic_dead_forest, layout_basic,
          hellmonk_ecumenical_altar_watching_god
D:2:      layout_rooms, nicolae_concentric_dashed_squares_wild, st_stairs_1,
          minmay_rat_gold_closets

Skill      XL: |  1  2  3 |
---------------+----------+-----
Short Blades   | 1 |  1.5
Stealth        | 4 |  4.1
Dodging        | 2 |  2.0
Fighting       | |  0.2
Spellcasting   | |  2.1
Hexes          | |  3.3
Ice Magic      | |  0.1

Action                     || total
---------------------------++-------
  Melee: Dagger            ||    41
         Bite              ||    13
         Rapier            ||    14
   Cast: Ensorcelled Hiber ||     1
   Stab: Sleeping          ||     7
 Armour: Robe              ||    25
  Dodge: Dodged            ||    24

Table legend: (Time is in decaauts)
 A = Elapsed time spent in this place.
 B = Non-inter-level travel time spent in this place.
 C = Inter-level travel time spent in this place.
 D = Time resting spent in this place.
 E = Time spent auto-exploring this place.
 F = Levels seen in this place.
 G = Mean time per level.
                   A        B        C        D        E       F      G
               +--------+--------+--------+--------+--------+-----+--------+
         Total |    817 |    802 |     15 |      0 |    624 |   2 |  408.5 |
       Dungeon |    817 |    802 |     15 |      0 |    624 |   2 |  408.5 |
               +--------+--------+--------+--------+--------+-----+--------+

Top non-repeatable levels by time:
     D:1: 765 daAuts
     D:2: 51 daAuts
